 Dungeon Crawl Stone Soup version 0.29-a0-207-gf982a884d8 (webtiles) character file.

Game seed: 16085233383373999021

18943 Zeldest the Archer (level 12, -5/77 HPs)
             Began as a Tengu Monk on Feb 23, 2022.
             Was a High Priest of Qazlal.
             Slain by Urug
             ... wielding a +5 halberd
              (11 damage)
             ... while petrified by a basilisk
             ... on level 2 of the Lair of Beasts.
             The game lasted 00:32:59 (14574 turns).

Zeldest the Archer (Tengu Monk)                    Turns: 14574, Time: 00:32:59

Health: -5/77      AC:  5    Str: 13    XL:     12   Next: 63%
Magic:  18/20      EV:  2    Int: 11    God:    Qazlal [*****.]
Gold:   948        SH:  0    Dex: 20    Spells: 11/11 levels left

rFire   . . .      SeeInvis .   a - +3 dagger (venom)
rCold   . . .      Faith    +   (no shield)
rNeg    + + +      Spirit   .   w - +0 troll leather armour
rPois   ∞          Reflect  .   (helmet restricted)
rElec   .          Harm     .   (no cloak)
rCorr   .          Rampage  .   d - +0 pair of gloves
Will    .....                   (boots unavailable)
Stlth   +.........              e - amulet of faith
HPRegen 1.02/turn               (no ring)
MPRegen 0.17/turn               (no ring)

@: lethally poisoned (-5 -> -5), petrified, flying quickly and evasively, repel
missiles, quick
A: beak, talons 3, nimble flight
a: Renounce Religion, Upheaval, Elemental Force, Disaster Area


You were on level 2 of the Lair of Beasts.
You worshipped Qazlal.
Qazlal was extremely pleased with you.
You visited 3 branches of the dungeon, and saw 14 of its levels.

You collected 948 gold pieces.

Inventory:

Hand Weapons
 a - a +3 dagger of venom (weapon)
 b - a +3 longbow
 f - the +3 dagger of Accord {pain, rC+ SInv}
   (You found it on level 2 of the Dungeon)

   In the hands of one skilled in necromantic magic, it inflicts extra damage on
   living creatures.
   rC:        It protects you from cold.
   SInv:      It lets you see invisible.
 k - a +2 long sword of holy wrath
Armour
 d - a +0 pair of gloves (worn)
 l - +0 acid dragon scales
 w - a +0 troll leather armour (worn)
Jewellery
 e - an amulet of faith (around neck)
 y - a ring of ice
Wands
 j - a wand of flame (53)
 r - a wand of polymorph (5)
Scrolls
 g - 4 scrolls of immolation
 p - 2 scrolls of magic mapping
 s - 4 scrolls of fear
 x - a scroll of torment
 C - a scroll of fog
Potions
 c - 2 potions of mutation
 h - 2 potions of haste
 m - 2 potions of might
 o - 3 potions of ambrosia
 q - 4 potions of lignification
 u - a potion of curing
 v - 2 potions of heal wounds
 z - a potion of brilliance
 A - a potion of cancellation
 B - 2 potions of magic
 E - 2 potions of flight {unknown}
Miscellaneous
 i - a phantom mirror (inert)


   Skills:
 + Level 10.0 Fighting
 - Level 5.8 Long Blades
 + Level 11.6 Bows
 + Level 10.9 Dodging
 - Level 2.0 Stealth
 + Level 9.9 Invocations


You had 11 spell levels left.
You didn't know any spells.
Your spell library contained the following spells:

 Spells                   Type           Power      Damage    Failure   Level
 Scorch                   Fire           0%         2d5       56%         2
 Static Discharge         Conj/Air       0%         N/A       56%         2
 Confusing Touch          Hex            0%         N/A       80%         3
 Mephitic Cloud           Conj/Pois/Air  0%         N/A       80%         3
 Summon Guardian Golem    Hex/Summ       0%         N/A       80%         3
 Flame Wave               Conj/Fire      0%         2d4       99%         4
 Hailstorm                Conj/Ice       0%         3d3       99%         4
 Summon Lightning Spire   Summ/Air       0%         N/A       99%         4
 Yara's Violent Unravell  Hex/Tmut       0%         3d3       100%        5
 Summon Cactus Giant      Summ           0%         N/A       100%        6
 Enfeeble                 Hex            0%         N/A       100%        7
 Orb of Destruction       Conj           0%         9d5       100%        7
 Spellforged Servitor     Conj/Summ      0%         N/A       100%        7
 Storm Form               Tmut/Air       0%         N/A       100%        7
 Ignition                 Fire           0%         3d3       100%        8
 Maxwell's Capacitive Co  Air            0%         ∞         100%        8
 Chain Lightning          Conj/Air       0%         N/A       100%        9
 Fire Storm               Conj/Fire      0%         5d1       100%        9
 Shatter                  Erth           0%         3d5*      100%        9


Dungeon Overview and Level Annotations

Branches:
Dungeon (11/15)            Temple (1/1) D:7            Lair (2/6) D:11
    Orc (0/2) D:10
  Swamp: Lair:2-4    Shoals: Lair:2-4     Snake: Lair:2-4    Spider: Lair:2-4

Altars:
Ashenzari
Cheibriados
Dithmenos
Elyvilon
Fedhas
Gozag
Hepliaklqana
Kikubaaqudgha
Makhleb
Nemelex Xobeh
Okawaru
Qazlal
Ru
Sif Muna
Trog
Uskayaw
Vehumet
Wu Jian
Xom
Yredelemnul
Zin
The Shining One

Shops:
D:3 !

Annotations:
Lair:2 Urug


Innate Abilities, Weirdness & Mutations

You have a beak for a mouth.
You have claws for feet.
Your magical nature lets you fly swiftly and evasively.


Message History

The basilisk gazes at you.
You are slowing down.
Aiming: Phantom Mirror
Press: ? - help, Dir - move target, f/p - Urug
Aim: Urug, wielding a +5 halberd, wearing a +2 scale mail of cold resistance and quivering javelins You reflect Urug with the mirror!
The mirror clouds!
You block the black mamba's attack. The black mamba bites you!
Urug hits Urug with a +5 halberd!!
The basilisk completely misses you.
The black mamba bites you but does no damage.
Urug hits you from afar with a +5 halberd.
Urug throws a javelin.
The javelin pierces through Urug!
The javelin pierces through the basilisk!!
The javelin misses the black mamba.
Your limbs are stiffening.
You barely miss the black mamba. You claw the black mamba.
You peck the black mamba.
The black mamba is almost dead.
You feel less protected from physical attacks.
The black mamba bites you.
You are poisoned.
The black mamba poisons you! The basilisk bites you!
The black mamba barely misses you.
Urug throws a javelin.
The javelin pierces through Urug!
The javelin pierces through the basilisk.
The basilisk dies!
Qazlal accepts your kill.
The javelin closely misses the black mamba.
Urug throws a javelin.
The javelin pierces through you.
You have turned to stone.
You hear a croak.
The black mamba bites you! x2
* * * LOW HITPOINT WARNING * * *
Urug throws a javelin.
The javelin closely misses Urug.
The javelin closely misses the black mamba.
Urug hits you from afar with a +5 halberd!!
* * * LOW HITPOINT WARNING * * *
The black mamba bites you!
* * * LOW HITPOINT WARNING * * *
Urug barely misses Urug.
Urug hits you from afar with a +5 halberd!!
You die...

##..# ###.....
.......##
.........#
###........#
#..°○.......
#☼...#.#....
#.@S°.#......
###†°....#....
##o..###....
#......#.#
#.o##...##
###.......#
#.!.......#
##..>..#..#
#........#


You could see Urug (ally target), a black mamba and the friendly Urug (summoned,
drained).

Vanquished Creatures
  3 hydras (Lair:1)
  Amaemon (D:11)
  3 two-headed ogres
  Joseph (D:9)
  A black mamba (Lair:1)
  An orange demon (D:11)
  An unseen horror (D:9)
  4 cane toads
  2 komodo dragons (Lair:2)
  A rime drake (Lair:1)
  3 trolls
  2 hornets (D:11)
  17 yaks
  A wyvern (D:11)
  A basilisk (Lair:1)
  2 vampire mosquitoes (D:11)
  An acid dragon (D:10)
  10 water moccasins
  Duvessa (D:7)
  A swamp drake (D:10)
  2 sky beasts
  4 orc warriors
  2 hornet zombies
  4 black bears
  3 ogres
  6 wolves
  4 centaurs
  2 phantoms
  2 kobold brigands (D:7)
  5 bullfrogs
  A gnoll sergeant (D:6)
  A scorpion (D:6)
  Dowan (D:7)
  2 water moccasin skeletons
  9 killer bees
  5 wights (D:6)
  8 howler monkeys
  6 centaur zombies
  A centaur skeleton (D:4)
  3 hounds
  5 orc priests
  A bullfrog skeleton (D:5)
  2 iguanas
  Natasha (thrice) (D:3)
  5 orc wizards
  2 killer bee zombies
  A hound skeleton (D:4)
  2 howler monkey zombies
  Robin (D:2)
  3 adders
  13 gnolls
  7 river rats (D:6)
  2 shadow imps
  4 white imps
  An ufetubus (D:4)
  2 worms (D:4)
  4 dart slugs
  31 orcs
  10 endoplasms
  5 giant cockroaches
  15 goblins
  7 hobgoblins
  3 jackals
  21 kobolds
  9 quokkas
  5 ball pythons
  6 bats
  4 frilled lizards
  22 rats
324 creatures vanquished.

Vanquished Creatures (collateral kills)
  A hydra (Lair:2)
  A yak (Lair:2)
  2 basilisks (Lair:2)
4 creatures vanquished.

Vanquished Creatures (others)
  An orc wizard (D:10)
  An orc (D:10)
  9 fungi
  5 plants
16 creatures vanquished.

Grand Total: 344 creatures vanquished

Notes
Turn   | Place    | Note
-------+----------+-------------------------------------------
     0 | D:1      | Zeldest the Tengu Monk began the quest for the Orb.
     0 | D:1      | Reached XP level 1. HP: 14/14 MP: 2/2
    25 | D:1      | Found a faded altar of an unknown god.
    49 | D:1      | Prayed at the altar of an unknown god.
    49 | D:1      | Became a worshipper of Qazlal Stormbringer
    49 | D:1      | Reached * piety under Qazlal
    49 | D:1      | Reached ** piety under Qazlal
   119 | D:1      | Reached XP level 2. HP: 13/19 MP: 3/3
   242 | D:1      | Reached *** piety under Qazlal
   504 | D:1      | Reached XP level 3. HP: 22/23 MP: 4/4
   913 | D:2      | Noticed Robin
   941 | D:2      | Killed Robin
   946 | D:2      | Reached XP level 4. HP: 10/28 MP: 5/5
  1424 | D:2      | Identified the +3 dagger of Accord {pain, rC+ SInv}
  1844 | D:2      | Reached **** piety under Qazlal
  1950 | D:3      | Noticed Natasha
  1974 | D:3      | Identified the +4 spear of Voischi {speed, Will+++ Str+3}
  2059 | D:3      | Killed Natasha
  2060 | D:3      | Gained mutation: Your magical nature lets you fly swiftly
                  | and evasively. [Tengu growth]
  2060 | D:3      | Reached XP level 5. HP: 33/33 MP: 6/6
  2065 | D:3      | Reached skill level 1 in Invocations
  2194 | D:3      | Found Xaovudde's Distillery.
  2219 | D:3      | Noticed Natasha
  2235 | D:3      | Identified the +0 leather armour "Qyatasu" {Str+6 Int-3}
  2499 | D:3      | Killed Natasha
  2563 | D:3      | Found a blossoming altar of Fedhas.
  2563 | D:3      | Found a shimmering altar of Xom.
  2610 | D:3      | Found a glowing silver altar of Zin.
  2613 | D:3      | Found a hazy altar of Hepliaklqana.
  2673 | D:3      | Noticed Natasha
  2682 | D:3      | Killed Natasha
  2683 | D:3      | Reached XP level 6. HP: 23/38 MP: 8/8
  2927 | D:3      | Found a radiant altar of Vehumet.
  3243 | D:4      | You are sucked into a shaft and drop 1 floor!
  3243 | D:5      | Entered Level 5 of the Dungeon
  3385 | D:4      | Reached skill level 5 in Long Blades
  3385 | D:4      | Reached skill level 5 in Dodging
  3593 | D:4      | Identified the +3 scale mail of Past Mistakes {Harm
                  | *Corrode Str-5 Slay+5}
  3712 | D:4      | Reached XP level 7. HP: 44/44 MP: 9/9
  3721 | D:4      | Found a glowing golden altar of the Shining One.
  3967 | D:4      | Reached ***** piety under Qazlal
  4248 | D:5      | Reached skill level 5 in Fighting
  4464 | D:5      | Found a sacrificial altar of Ru.
  4466 | D:5      | Found an opulent altar of Gozag.
  4603 | D:5      | Got the Incunabulum of Flamy Conjuration
  4738 | D:6      | Reached skill level 1 in Bows
  4738 | D:6      | Reached XP level 8. HP: 49/49 MP: 4/11
  4892 | D:6      | Reached skill level 2 in Bows
  5215 | D:6      | Reached skill level 3 in Bows
  5520 | D:6      | Reached skill level 4 in Bows
  5712 | D:6      | Reached XP level 9. HP: 31/55 MP: 13/13
  6126 | D:6      | Found an iron altar of Okawaru.
  6398 | D:6      | Reached skill level 5 in Bows
  7101 | D:7      | Noticed Duvessa
  7215 | D:7      | Noticed Dowan
  7216 | D:7      | Killed Duvessa
  7217 | D:7      | Reached skill level 6 in Bows
  7217 | D:7      | Reached skill level 5 in Invocations
  7356 | D:7      | Killed Dowan
  7459 | D:7      | Found a staircase to the Ecumenical Temple.
  7570 | Temple   | Entered the Ecumenical Temple
  8163 | D:7      | Reached skill level 7 in Bows
  8268 | D:7      | Found a basalt altar of Yredelemnul.
  8709 | D:8      | Reached XP level 10. HP: 43/63 MP: 15/15
  9293 | D:8      | Reached skill level 8 in Bows
  9375 | D:8      | Found a bloodstained altar of Trog.
  9791 | D:9      | Noticed Joseph
  9809 | D:9      | Killed Joseph
  9913 | D:9      | Killed an unseen horror
 10383 | D:9      | Identified the +8 war axe "Xaesyog" {protect, rCorr}
 10773 | D:10     | Entered Level 10 of the Dungeon
 10814 | D:10     | Reached skill level 9 in Bows
 10855 | D:10     | Reached XP level 11. HP: 48/68 MP: 17/17
 10975 | D:10     | Noticed a two-headed ogre
 10991 | D:10     | Killed a two-headed ogre
 11077 | D:10     | Noticed a salamander
 11077 | D:10     | Noticed a deep elf pyromancer
 11117 | D:10     | Found a white marble altar of Elyvilon.
 11524 | D:10     | Found a staircase to the Orcish Mines.
 11909 | D:11     | Noticed a two-headed ogre
 11938 | D:11     | Noticed a two-headed ogre
 11965 | D:11     | Killed a two-headed ogre
 12053 | D:11     | Found a staircase to the Lair.
 12150 | D:11     | Reached skill level 10 in Bows
 12216 | D:11     | Killed a two-headed ogre
 13160 | Lair:1   | Entered Level 1 of the Lair of Beasts
 13160 | Lair:1   | Noticed Amaemon
 13195 | D:11     | Killed Amaemon
 13448 | Lair:1   | Reached ****** piety under Qazlal
 13670 | Lair:1   | Noticed a seven-headed hydra
 13670 | Lair:1   | Noticed an eight-headed hydra
 13672 | Lair:1   | Noticed a five-headed hydra
 13715 | Lair:1   | Killed a five-headed hydra
 13716 | Lair:1   | Reached skill level 10 in Dodging
 13716 | Lair:1   | Reached XP level 12. HP: 76/76 MP: 19/19
 13721 | Lair:1   | Killed an eight-headed hydra
 13722 | Lair:1   | Reached skill level 11 in Bows
 13775 | Lair:1   | Killed a seven-headed hydra
 14537 | Lair:2   | Noticed a five-headed hydra
 14540 | Lair:2   | Noticed Urug
 14542 | Lair:2   | Killed a five-headed hydra
 14550 | Lair:2   | Reached skill level 10 in Fighting
 14574 | Lair:2   | Slain by Urug

Illustrated notes

Levels and vault maps discovered:
D:1:      saegor_arrival_under_anarchy, layout_basic,
          shapermc_ecumenical_altar_pompeii
D:2:      layout_loops_corners, uniq_robin
D:3:      layout_loops_ring, mainiacjoe_overflow_alcove_2,
          grunt_temple_overflow_cloverleaf, serial_shops,
          nicolae_shop_window_shopping, uniq_natasha
D:4:      minmay_octagon_keep, layout_basic, amcnicky_altar_gilded
D:5:      layout_cave_pools, chequers_temple_overflow_statue_of_worship,
          water_boxes_lemuel
D:6:      lemuel_ratsnest, layout_layer_cave, lemuel_tele_altar
D:7:      layout_basic, lemuel_zombie_altar_yredelemnul,
          minmay_temple_entry_offerings, uniq_duvessa
D:8:      layout_rooms, trog_ov_bears_minmay
D:9:      layout_layer_cave, uniq_joseph
D:10:     layout_rooms, mainiacjoe_overflow_small_starburst, erik_orc_1,
          lightli_corner_chamber
D:11:     layout_grid_maze, lair_entry_dummy, kennysheep_potato
Temple:   zaba_magenta_temple
Lair:1:   layout_cave_pods, uniq_amaemon
Lair:2:   layout_misc_corridors, skrybe_swamp_entry_bodies, nzn_random_ring,
          uniq_urug

Skill      XL: |  1  2  3  4  5  6  7  8  9 10 11 12 |
---------------+-------------------------------------+-----
Long Blades    | 4 5 |  5.8
Dodging        | 4 5 6 7 8 10 | 10.9
Fighting       | 4 5 6 7 8 9 10 | 10.0
Invocations    | 1 2 3 4 5 7 9 |  9.9
Bows           | 1 4 7 9 10 11 | 11.6
Stealth        | |  2.0

Action                   |  1- 3 |  4- 6 |  7- 9 | 10-12 || total
-------------------------+-------+-------+-------+-------++-------
Melee: Falchion          |    77 |     5 |       |       ||    82
       Kick              |    15 |    37 |   116 |   104 ||   272
       Peck              |     3 |    23 |    60 |    62 ||   148
       Dagger            |       |    23 |   304 |   260 ||   587
       Unarmed           |       |     6 |       |       ||     6
       Spear             |       |   122 |     2 |       ||   124
       Punch             |       |     1 |     4 |     5 ||    10
 Fire: Longbow           |       |       |    10 |    78 ||    88
       Shortbow          |       |       |       |    46 ||    46
Invok: Upheaval          |       |       |     8 |     6 ||    14
       Disaster Area     |       |       |     1 |     1 ||     2
Evoke: Wand              |       |       |     8 |    12 ||    20
       Phantom mirror    |       |       |       |     1 ||     1
  Use: Potion            |     2 |       |       |     3 ||     5
       Scroll            |     1 |       |    13 |    11 ||    25
 Stab: Paralysed         |       |       |     2 |     4 ||     6
       Confused          |       |       |       |     2 ||     2
Armor: Robe              |    12 |     4 |    20 |    17 ||    53
       Troll leather arm |       |       |       |    23 ||    23
       Acid dragon scale |       |       |       |     4 ||     4
Dodge: Dodged            |    72 |    62 |   183 |   285 ||   602
       Repelled          |       |     1 |     1 |     2 ||     4
Block: Other             |    18 |    20 |    70 |    95 ||   203

Table legend: (Time is in decaauts)
 A = Elapsed time spent in this place.
 B = Non-inter-level travel time spent in this place.
 C = Inter-level travel time spent in this place.
 D = Time resting spent in this place.
 E = Time spent auto-exploring this place.
 F = Levels seen in this place.
 G = Mean time per level.
                   A        B        C        D        E       F      G
               +--------+--------+--------+--------+--------+-----+--------+
         Total |  13746 |  13149 |    597 |   4235 |   6085 |  14 |  981.9 |
       Dungeon |  12518 |  12038 |    480 |   4133 |   5374 |  11 | 1138.0 |
        Temple |     66 |     49 |     17 |      0 |     45 |   1 |   66.0 |
          Lair |   1161 |   1062 |     99 |    102 |    666 |   2 |  580.5 |
               +--------+--------+--------+--------+--------+-----+--------+

Top non-repeatable levels by time:
     D:6: 2028 daAuts
     D:7: 1589 daAuts
    D:11: 1477 daAuts
     D:2: 1462 daAuts
  Lair:1: 1101 daAuts
     D:4: 1082 daAuts
     D:9: 921 daAuts
    D:10: 905 daAuts
     D:5: 850 daAuts
     D:1: 797 daAuts
     D:3: 709 daAuts
     D:8: 694 daAuts
  Temple: 66 daAuts
  Lair:2: 60 daAuts
